 Dungeon Crawl Stone Soup version 0.21.1-1-g345015f (webtiles) character file.

357 gyp21 the Magician (level 6, -4/46 HPs)
             Began as a Mummy Fire Elementalist on Feb 6, 2018.
             Was an Initiate of Ashenzari.
             Slain by Duvessa
             ... wielding a cursed -2 short sword
              (7 damage)
             ... while paralysed by Grinder
             ... on level 4 of the Dungeon.
             The game lasted 00:18:35 (5084 turns).

gyp21 the Magician (Mummy Fire Elementalist)        Turns: 5084, Time: 00:18:36

Health: -4/46      AC:  5    Str: 11    XL:     6   Next: 36%
Magic:  12/12      EV:  2    Int: 16    God:    Ashenzari [......]
Gold:   282        SH:  0    Dex: 13    Spells: 5/13 levels left

rFire    + . .     SeeInvis .   l - -2 spear (curse)
rCold    + + .     Gourm    .   (no shield)
rNeg     + + +     Faith    .   c - +2 robe {rC+ rF+}
rPois    ∞         Spirit   .   g - +0 helmet
rElec    .         Reflect  .   (no cloak)
rCorr    .         Harm     .   (no gloves)
MR       .....                  (no boots)
Stlth    ++........             (no amulet)
HPRegen  0.15/turn              f - +3 ring of evasion
MPRegen  0.13/turn              h - ring of protection from fire

@: paralysed, about to teleport
A: no food or potions, fire vulnerability, cold resistance 1, negative energy
resistance 3, torment resistance, unbreathing
a: Curse Item, Renounce Religion


You were on level 4 of the Dungeon.
You worshipped Ashenzari.
Ashenzari was noncommittal.
You were not hungry.

You visited 1 branch of the dungeon, and saw 4 of its levels.

You collected 282 gold pieces.

Inventory:

Hand Weapons
 l - a cursed -2 spear (weapon)
 p - a +1 trident of venom
Armour
 c - a +2 robe of resistance (worn)
 g - a +0 helmet (worn)
Jewellery
 f - a +3 ring of evasion (left hand)
 h - a ring of protection from fire (right hand)
Scrolls
 d - 2 scrolls of teleportation
 e - a scroll of fear
 i - a scroll of magic mapping
 j - 3 scrolls of amnesia
Books
 b - a book of Flames

   Spells                             Type                      Level
   a - Flame Tongue                   Conjuration/Fire             1
   b - Throw Flame                    Conjuration/Fire             2
   c - Conjure Flame                  Conjuration/Fire             3
   d - Inner Flame                    Hexes/Fire                   3
   e - Sticky Flame                   Conjuration/Fire             4
   f - Fireball                       Conjuration/Fire             5


   Skills:
 + Level 2.6 Fighting
 + Level 2.8 Dodging
 - Level 1.5 Stealth
 + Level 4.4 Spellcasting
 + Level 2.3 Conjurations
 + Level 3.4 Fire Magic


You had 5 spell levels left.
You knew the following spells:

 Your Spells              Type           Power        Failure   Level  Hunger
a - Flame Tongue          Conj/Fire      ##...        4%          1    N/A
b - Conjure Flame         Conj/Fire      ##......     14%         3    N/A
c - Sticky Flame          Conj/Fire      ##......     43%         4    N/A

Dungeon Overview and Level Annotations

Branches:
Dungeon (4/15)
 Temple: D:4-7

Altars:
Ashenzari
Dithmenos
Kikubaaqudgha
Vehumet
Xom

Annotations:
D:4 Duvessa, Grinder


Innate Abilities, Weirdness & Mutations

You do not eat or drink.
Your flesh is vulnerable to fire.
You are immune to poison.
Your flesh is cold resistant. (rC+)
You are immune to negative energy. (rN+++)
You are immune to unholy pain and torment.
You can survive without breathing.


Message History

Duvessa rages.
Duvessa closely misses you.
Casting: Flame Tongue
Confirm with . or Enter, or press ? or * to list all spells.
Okay, then.
Duvessa hits you with a short sword. Duvessa hits you with a short sword!
You hear a shout!
You hear a shout!
Duvessa hits you but does no damage.
As you read the scroll of teleportation, it crumbles to dust.
You feel strangely unstable. Duvessa closely misses you.
Grinder gestures at you.
You suddenly lose the ability to move!
Duvessa hits you with a short sword. Duvessa hits you with a short sword!
Duvessa hits you but does no damage. Grinder hits you but does no damage.
Duvessa hits you with a short sword!
* * * LOW HITPOINT WARNING * * *
Grinder barely misses you. Duvessa hits you with a short sword!
You die...

########### ######..........
#..............# ....
#.#.#.#.#.####.# ##...
#.#..###..# #.# #.... ###...##
##.####.####.#...
.......###............#..#
###...#.#.#.####e##.###..# #
#......##.# #@##.# #..# #
#.##..###.# #5##.###..# #
#.........####.!.......#
######..#####......5....######
##............#####.##<.......
##.###..####### #.##.#######
##.# #..# #.##.# ...# #..#
#.##.# ######..# #.##.#


You could see Grinder and Duvessa (berserk).

Vanquished Creatures
  A scorpion (D:3)
  Dowan (D:4)
  An orc wizard (D:4)
  3 orc priests
  3 gnolls (D:2)
  2 adders (D:3)
  A worm (D:3)
  2 leopard geckos (D:3)
  11 orcs
  7 bats
  6 giant cockroaches
  4 goblins
  6 hobgoblins
  13 jackals
  A quokka (D:4)
  6 frilled lizards
  10 kobolds
  A quokka skeleton (D:4)
  6 rats
85 creatures vanquished.

Notes
Turn   | Place    | Note
-------+----------+-------------------------------------------
     0 | D:1      | gyp21 the Mummy Fire Elementalist began the quest for the Orb.
     0 | D:1      | Reached XP level 1. HP: 13/13 MP: 4/4
   585 | D:1      | Reached skill level 1 in Conjurations
   587 | D:1      | Reached XP level 2. HP: 20/20 MP: 1/5
   743 | D:1      | Reached skill level 3 in Spellcasting
  1324 | D:2      | Reached skill level 1 in Fighting
  1354 | D:2      | Reached XP level 3. HP: 26/26 MP: 5/7
  1489 | D:2      | Learned a level 3 spell: Conjure Flame
  1713 | D:2      | Found a shimmering altar of Xom.
  2421 | D:2      | Reached XP level 4. HP: 25/32 MP: 5/9
  2681 | D:3      | Found a shadowy altar of Dithmenos.
  3240 | D:3      | Found a radiant altar of Vehumet.
  3396 | D:3      | Learned a level 4 spell: Sticky Flame
  3480 | D:3      | Reached XP level 5. HP: 26/38 MP: 0/10
  3683 | D:4      | Got a turquoise-encrusted ring mail
  3752 | D:3      | Reached skill level 4 in Spellcasting
  3912 | D:4      | Noticed Dowan
  3913 | D:4      | Noticed Duvessa
  4021 | D:4      | Noticed Grinder
  4331 | D:4      | Reached XP level 6. HP: 27/45 MP: 4/12
  4490 | D:4      | Identified the +5 ring mail of the Game of Kings {Regen+} (You found it on level 4 of the Dungeon)
  4548 | D:4      | Found an ancient bone altar of Kikubaaqudgha.
  4641 | D:4      | Killed Dowan
  4885 | D:4      | Found a shattered altar of Ashenzari.
  4892 | D:4      | Became a worshipper of Ashenzari the Shackled
  5081 | D:4      | Paralysed by Grinder for 7 turns
  5084 | D:4      | Slain by Duvessa

Skill      XL: |  1  2  3  4  5 |
---------------+----------------+-----
Conjurations   | 1 2 |  2.3
Spellcasting   | 3 4 |  4.4
Fighting       | 1 2 |  2.6
Dodging        | 2 |  2.8
Fire Magic     | 3 |  3.4
Stealth        | |  1.5

Action                   |  1- 3 |  4- 6 || total
-------------------------+-------+-------++-------
Melee: Unarmed           |     4 |       ||     4
       Whip              |     7 |       ||     7
       Spear             |       |    13 ||    13
 Cast: Flame Tongue      |    68 |   115 ||   183
       Sticky Flame      |       |     2 ||     2
  Use: Scroll            |       |     8 ||     8
 Stab: Sleeping          |       |     2 ||     2
Armor: Robe              |    11 |    16 ||    27
Dodge: Dodged            |    53 |    74 ||   127
